Workbook
Name Acero: #REF!
Name Agregados: #REF!
Name Apar.Sanitarios: #REF!
Name Carp.Aluminio: #REF!
Name Carp.Metalica: #REF!
Name Cerrajeria: #REF!
Name Ciudades: #REF!
Name Combustible: #REF!
Name Concretos: #REF!
Name Cuadrillas: #REF!
Name Cubierta: #REF!
Name Drywall: #REF!
Name Dsfsff: #REF!
Name Equipos: #REF!
Name EquiposEspeciales: #REF!
Name Ferreteria: #REF!
Name Formaletas: #REF!
Name Geosinteticos: #REF!
Name Impermeabilizantes: #REF!
Name Inst.Electricas: #REF!
Name Inst.Hidrosanitarias: #REF!
Name INSUMOS: #REF!
Name INSUMOS_NOM: #REF!
Name INSUMOS_PRECIO: #REF!
Name INSUMOS_TIPO: #REF!
Name INSUMOS_UNI: #REF!
Name Ladrillos: #REF!
Name Maderas: #REF!
Name Pinturas: #REF!
Name PisosEnchapes: #REF!
Name Prefabricados: #REF!
Name VariosAnalisis: #REF!

Sheet PPTO-OFICIAL
C3: Código | D3: CCE-EICP-FM-14
C4: FORMULARIO 1
C5: PRESUPUESTO - COSTO DIRECTO
C6: [Las Entidades Estatales deben usar el presente formulario para determinar el Presupuesto Oficial del Proceso de Contratación y solo pueden modificar o ajustar aquello que en este se permite expresamente] [El presente formulario aplica para los procesos de contratación que tengan como forma de pago precios unitarios. Tratándose de otras modalidades de precio, la Entidad debe ajustarlo cuando corresponde a: precio global, llave en mano, administración delegada, reembolso de gastos o cualquier otra forma de precio.]
C8: Adicionalmente, cuando el proceso de contratación es estructurado por precios unitarios, la Entidad debe aplicar las notas 1, 2 y 3 del presente formulario y las casillas de "Descripción", "Porcentaje" de la Administración, Imprevisto, Utilidad y total A.I.U. resaltadas en color amarillo. Tratándose de otras modalidades de precio, la Entidad puede o no configurar los mismos aspectos.
C9: “MANTENIMIENTO, REHABILITACIÓN, MEJORAMIENTO Y OPTIMIZACIÓN DE LA INFRAESTRUCTURA VIAL URBANA, MEDIANTE LA EJECUCIÓN DE ACTIVIDADES ORIENTADAS A LA REPARACIÓN, RECONSTRUCCIÓN, CONSTRUCCIÓN Y/O REPOSICIÓN DE PAVIMENTOS VEHICULARES Y PEATONALES DE LA CIUDAD DE MANIZALES FASE II POR EL SISTEMA DE MONTO AGOTABLE”
C11: No. | D11: ITEM DE PAGO | E11: DESCRIPCION | F11: UND. | G11: CANTIDAD | H11: VALOR UNITARIO | I11: VALOR TOTAL
D12: 1 | E12: PRELIMINARES
C13: 1 | D13: 001.044 | E13: =VLOOKUP(D13,A.P.U!A:I,3,FALSE) -> DESCAPOTE MANUAL E=0.20 M. | F13: =VLOOKUP(D13,A.P.U!A:I,5,FALSE) -> M2 | G13: 1 | H13: =VLOOKUP(D13,A.P.U!A:M,13,FALSE) -> 4479 | I13: =ROUND((G13*H13),0) -> 4479
C14: 2 | D14: 001.049 | E14: =VLOOKUP(D14,A.P.U!A:I,3,FALSE) -> SUMINISTRO, TRANSPORTE E INSTALACIÓN CERRAMIENTO EN YUTE H= 2 M | F14: =VLOOKUP(D14,A.P.U!A:I,5,FALSE) -> ML | G14: 1 | H14: =VLOOKUP(D14,A.P.U!A:M,13,FALSE) -> 20559 | I14: =ROUND((G14*H14),0) -> 20559
C15: 3 | D15: 001.060 | E15: =VLOOKUP(D15,A.P.U!A:I,3,FALSE) -> SUMINISTRO, TRANSPORTE E INSTALACION TECHADO MOVIBLE EN GUADUA Y PLÁSTICO | F15: =VLOOKUP(D15,A.P.U!A:I,5,FALSE) -> M2 | G15: 1 | H15: =VLOOKUP(D15,A.P.U!A:M,13,FALSE) -> 16160 | I15: =ROUND((G15*H15),0) -> 16160
C16: 4 | D16: 001.083 | E16: =VLOOKUP(D16,A.P.U!A:I,3,FALSE) -> SOBREACARREO AL HOMBRO FUERTE PENDIENTE (DESPUÉS DE 50M DE ACARREO LIBRE) | F16: =VLOOKUP(D16,A.P.U!A:I,5,FALSE) -> M3 - HM | G16: 1 | H16: =VLOOKUP(D16,A.P.U!A:M,13,FALSE) -> 222151 | I16: =ROUND((G16*H16),0) -> 222151
C17: 5 | D17: 001.084 | E17: =VLOOKUP(D17,A.P.U!A:I,3,FALSE) -> TRANSPORTE POR DÍA LABORADO VEHÍCULO AUTOMOTOR TIPO CAMIONETA DE ESTACAS O SIMILAR. INCLUYE CONDUCTOR Y COMBUSTIBLE | F17: =VLOOKUP(D17,A.P.U!A:I,5,FALSE) -> DIA | G17: 1 | H17: =VLOOKUP(D17,A.P.U!A:M,13,FALSE) -> 298965 | I17: =ROUND((G17*H17),0) -> 298965
C18: 6 | D18: 001.085 | E18: =VLOOKUP(D18,A.P.U!A:I,3,FALSE) -> LOCALIZACION Y REPLANTEO DE VIAS INCLUYE EJE DE VIA Y LATERALES CON ANDENES | F18: =VLOOKUP(D18,A.P.U!A:I,5,FALSE) -> ML | G18: 1 | H18: =VLOOKUP(D18,A.P.U!A:M,13,FALSE) -> 6469 | I18: =ROUND((G18*H18),0) -> 6469
C19: subtotal | I19: =SUM(I13:I18) -> 568783
D20: 002 | E20: =VLOOKUP(D20,A.P.U!A:I,3,FALSE) -> MOVIMIENTO DE TIERRAS
C21: 7 | D21: 002.001 | E21: =VLOOKUP(D21,A.P.U!A:I,3,FALSE) -> EXCAVACIÓN EN ZANJA - MATERIAL COMÚN - 0.0 A 2.0 M | F21: =VLOOKUP(D21,A.P.U!A:I,5,FALSE) -> M3 | G21: 1 | H21: =VLOOKUP(D21,A.P.U!A:M,13,FALSE) -> 58645 | I21: =ROUND((G21*H21),0) -> 58645
C22: 8 | D22: 002.015 | E22: =VLOOKUP(D22,A.P.U!A:I,3,FALSE) -> EXCAVACIÓN MECANIZADA P/ESTRUCTURAS-MATER COMÚN/CONGLOM 0.0 A 6.0 M. | F22: =VLOOKUP(D22,A.P.U!A:I,5,FALSE) -> M3 | G22: 1 | H22: =VLOOKUP(D22,A.P.U!A:M,13,FALSE) -> 18083 | I22: =ROUND((G22*H22),0) -> 18083
C23: 9 | D23: 002.016 | E23: =VLOOKUP(D23,A.P.U!A:I,3,FALSE) -> EXCAVACIÓN A CIELO ABIERTO - MATERIAL COMÚN - 0.0 A 2.0 M | F23: =VLOOKUP(D23,A.P.U!A:I,5,FALSE) -> M3 | G23: 1 | H23: =VLOOKUP(D23,A.P.U!A:M,13,FALSE) -> 63560 | I23: =ROUND((G23*H23),0) -> 63560
C24: 10 | D24: 002.017 | E24: =VLOOKUP(D24,A.P.U!A:I,3,FALSE) -> EXCAVACIÓN A CIELO ABIERTO - CONGLOMERADO - 0.0 A 2.0 M | F24: =VLOOKUP(D24,A.P.U!A:I,5,FALSE) -> M3 | G24: 1 | H24: =VLOOKUP(D24,A.P.U!A:M,13,FALSE) -> 90709 | I24: =ROUND((G24*H24),0) -> 90709
C25: 11 | D25: 002.050 | E25: =VLOOKUP(D25,A.P.U!A:I,3,FALSE) -> RELLENO EN MATERIAL SELECCIONADO PROVENIENTE DE LA EXCAVACION (CANGURO) | F25: =VLOOKUP(D25,A.P.U!A:I,5,FALSE) -> M3 | G25: 1 | H25: =VLOOKUP(D25,A.P.U!A:M,13,FALSE) -> 56340 | I25: =ROUND((G25*H25),0) -> 56340
C26: 12 | D26: 002.086 | E26: =VLOOKUP(D26,A.P.U!A:I,3,FALSE) -> RETIRO DE MATERIAL SOBRANTE EN VOLQUETA, CARGUE MECANICO, DISPOSICIÓN EN BOTADERO (HASTA 25 KM) | F26: =VLOOKUP(D26,A.P.U!A:I,5,FALSE) -> M3-Suelto | G26: 1 | H26: =VLOOKUP(D26,A.P.U!A:M,13,FALSE) -> 45353 | I26: =ROUND((G26*H26),0) -> 45353
C27: 13 | D27: 002.089 | E27: =VLOOKUP(D27,A.P.U!A:I,3,FALSE) -> RETIRO DE MATERIAL SOBRANTE EN VOLQUETA, CARGUE MANUAL, DISPOSICIÓN EN BOTADERO (HASTA 25 KM) | F27: =VLOOKUP(D27,A.P.U!A:I,5,FALSE) -> M3-Suelto | G27: 1 | H27: =VLOOKUP(D27,A.P.U!A:M,13,FALSE) -> 58484 | I27: =ROUND((G27*H27),0) -> 58484
C28: subtotal | I28: =SUM(I21:I27) -> 391174
D29: 003 | E29: =VLOOKUP(D29,A.P.U!A:I,3,FALSE) -> DESAGUES E INSTALACIONES SANITARIAS
C30: 14 | D30: 003.058 | E30: =VLOOKUP(D30,A.P.U!A:I,3,FALSE) -> SUMINISTRO, TRANSPORTE E INSTALACION FILTRO DRENAJE (0.50 X 0.80 M.) TUBO DRENAJE CORRUGADO DE 4" CON FILTRO. INCLUYE INCLUYE RELLENO PIEDRA FILTRO, GEOTEXTIL NT 3000 | F30: =VLOOKUP(D30,A.P.U!A:I,5,FALSE) -> ML | G30: 1 | H30: =VLOOKUP(D30,A.P.U!A:M,13,FALSE) -> 152241 | I30: =ROUND((G30*H30),0) -> 152241
C31: subtotal | I31: =I30 -> 152241
D32: 006 | E32: =VLOOKUP(D32,A.P.U!A:I,3,FALSE) -> MAMPOSTERIA
C33: 15 | D33: 006.031 | E33: =VLOOKUP(D33,A.P.U!A:I,3,FALSE) -> SUMINISTRO, TRANSPORTE E INSTALACION ANCLAJE EPOXICO 3/8" L=15 CM (INCLUYE PERFORACIÓN Y ADHESIVO EPÓXICO) | F33: =VLOOKUP(D33,A.P.U!A:I,5,FALSE) -> UND | G33: 1 | H33: =VLOOKUP(D33,A.P.U!A:M,13,FALSE) -> 12847 | I33: =ROUND((G33*H33),0) -> 12847
C34: subtotal | I34: =I33 -> 12847
D35: 021 | E35: =VLOOKUP(D35,A.P.U!A:I,3,FALSE) -> OBRAS EXTERIORES
C36: 16 | D36: 021.016 | E36: =VLOOKUP(D36,A.P.U!A:I,3,FALSE) -> SUMINISTRO, TRANSPORTE E INSTALACION SARDINEL CHAFLANADO ANCHO = 20 CM H = ENTRE 17 Y 24 CM EN CONCRETO 3000 PSI | F36: =VLOOKUP(D36,A.P.U!A:I,5,FALSE) -> ML | G36: 1 | H36: =VLOOKUP(D36,A.P.U!A:M,13,FALSE) -> 117859 | I36: =ROUND((G36*H36),0) -> 117859
C37: 17 | D37: 021.034 | E37: =VLOOKUP(D37,A.P.U!A:I,3,FALSE) -> SUMINISTRO, TRANSPORTE E INSTALACION ESCALAS CONCRETO 3000 PSI E= 0.10M. SOBRE TIERRA ACABADO ESCOBIADO | F37: =VLOOKUP(D37,A.P.U!A:I,5,FALSE) -> M2 | G37: 1 | H37: =VLOOKUP(D37,A.P.U!A:M,13,FALSE) -> 233051 | I37: =ROUND((G37*H37),0) -> 233051
C38: subtotal | I38: =SUM(I36:I37) -> 350910
D39: 023 | E39: =VLOOKUP(D39,A.P.U!A:I,3,FALSE) -> VIAS
C40: 18 | D40: 023.001 | E40: =VLOOKUP(D40,A.P.U!A:I,3,FALSE) -> SUMINISTRO, TRANSPORTE E INSTALACION DE PAVIMENTO EN CONCRETO PREMEZCLADO FAST TRACK MR42 | F40: =VLOOKUP(D40,A.P.U!A:I,5,FALSE) -> M3 | G40: 1 | H40: =VLOOKUP(D40,A.P.U!A:M,13,FALSE) -> 1667852 | I40: =ROUND((G40*H40),0) -> 1667852
C41: 19 | D41: 023.002 | E41: =VLOOKUP(D41,A.P.U!A:I,3,FALSE) -> SUMINISTRO, TRANSPORTE E INSTALACION IMPRIMACION CON EMULSION ASFALTICA | F41: =VLOOKUP(D41,A.P.U!A:I,5,FALSE) -> M2 | G41: 1 | H41: =VLOOKUP(D41,A.P.U!A:M,13,FALSE) -> 8232 | I41: =ROUND((G41*H41),0) -> 8232
C42: 20 | D42: 023.004 | E42: =VLOOKUP(D42,A.P.U!A:I,3,FALSE) -> SUMINISTRO, TRANSPORTE E INSTALACION MEZCLA ASFALTICA TIPO MDC-19. EXTENDIDO MECÁNICO Y COMPACTADO | F42: =VLOOKUP(D42,A.P.U!A:I,5,FALSE) -> M3 | G42: 1 | H42: =VLOOKUP(D42,A.P.U!A:M,13,FALSE) -> 1886261 | I42: =ROUND((G42*H42),0) -> 1886261
C43: 21 | D43: 023.008 | E43: =VLOOKUP(D43,A.P.U!A:I,3,FALSE) -> SUMINISTRO, TRANSPORTE E INSTALACION AFIRMADO PARA ANDENES | F43: =VLOOKUP(D43,A.P.U!A:I,5,FALSE) -> M3 | G43: 1 | H43: =VLOOKUP(D43,A.P.U!A:M,13,FALSE) -> 165938 | I43: =ROUND((G43*H43),0) -> 165938
C44: 22 | D44: 023.009 | E44: =VLOOKUP(D44,A.P.U!A:I,3,FALSE) -> SUMINISTRO, TRANSPORTE E INSTALACION BASE COMPACTADA CON CILINDRO | F44: =VLOOKUP(D44,A.P.U!A:I,5,FALSE) -> M3 | G44: 1 | H44: =VLOOKUP(D44,A.P.U!A:M,13,FALSE) -> 265593 | I44: =ROUND((G44*H44),0) -> 265593
C45: 23 | D45: 023.010 | E45: =VLOOKUP(D45,A.P.U!A:I,3,FALSE) -> SUMINISTRO, TRANSPORTE E INSTALACION BASE COMPACTADA CON RANA | F45: =VLOOKUP(D45,A.P.U!A:I,5,FALSE) -> M3 | G45: 1 | H45: =VLOOKUP(D45,A.P.U!A:M,13,FALSE) -> 281201 | I45: =ROUND((G45*H45),0) -> 281201
C46: 24 | D46: 023.011 | E46: =VLOOKUP(D46,A.P.U!A:I,3,FALSE) -> SUMINISTRO, TRANSPORTE E INSTALACION SUB BASE COMPACTADA CON RANA | F46: =VLOOKUP(D46,A.P.U!A:I,5,FALSE) -> M3 | G46: 1 | H46: =VLOOKUP(D46,A.P.U!A:M,13,FALSE) -> 276094 | I46: =ROUND((G46*H46),0) -> 276094
C47: 25 | D47: 023.012 | E47: =VLOOKUP(D47,A.P.U!A:I,3,FALSE) -> SUMINISTRO, TRANSPORTE E INSTALACION SUB BASE COMPACTADA CON CILINDRO | F47: =VLOOKUP(D47,A.P.U!A:I,5,FALSE) -> M3 | G47: 1 | H47: =VLOOKUP(D47,A.P.U!A:M,13,FALSE) -> 261337 | I47: =ROUND((G47*H47),0) -> 261337
C48: 26 | D48: 023.027 | E48: =VLOOKUP(D48,A.P.U!A:I,3,FALSE) -> SUMINISTRO, TRANSPORTE E INSTALACION ACERO DE PREESFUERZO (FY 1860 MPA) | F48: =VLOOKUP(D48,A.P.U!A:I,5,FALSE) -> KG | G48: 1 | H48: =VLOOKUP(D48,A.P.U!A:M,13,FALSE) -> 53639 | I48: =ROUND((G48*H48),0) -> 53639
C49: 27 | D49: 023.028 | E49: =VLOOKUP(D49,A.P.U!A:I,3,FALSE) -> SUMINISTRO, TRANSPORTE E INSTALACION PAVIMENTO EN CONCRETO MR 42 HECHO EN OBRA | F49: =VLOOKUP(D49,A.P.U!A:I,5,FALSE) -> M3 | G49: 1 | H49: =VLOOKUP(D49,A.P.U!A:M,13,FALSE) -> 1194177 | I49: =ROUND((G49*H49),0) -> 1194177
C50: 28 | D50: 023.029 | E50: =VLOOKUP(D50,A.P.U!A:I,3,FALSE) -> SUMINISTRO, TRANSPORTE E INSTALACION PAVIMENTO EN CONCRETO MR 45 HECHO EN OBRA | F50: =VLOOKUP(D50,A.P.U!A:I,5,FALSE) -> M3 | G50: 1 | H50: =VLOOKUP(D50,A.P.U!A:M,13,FALSE) -> 1429849 | I50: =ROUND((G50*H50),0) -> 1429849
C51: 29 | D51: 023.031 | E51: =VLOOKUP(D51,A.P.U!A:I,3,FALSE) -> SUMINISTRO, TRANSPORTE E INSTALACION MEZCLA ASFALTICA TIPO MDC-19 PARA PARCHEO MANTENIMIENTO. | F51: =VLOOKUP(D51,A.P.U!A:I,5,FALSE) -> M3-SUELTO | G51: 1 | H51: =VLOOKUP(D51,A.P.U!A:M,13,FALSE) -> 2050272 | I51: =ROUND((G51*H51),0) -> 2050272
... C62: 40 | D62: 023.090 | E62: =VLOOKUP(D62,A.P.U!A:I,3,FALSE) -> DISEÑO Y PRESENTACIÓN PARA APROBACIÓN DE PMT PARA PUNTOS VIALES | F62: =VLOOKUP(D62,A.P.U!A:I,5,FALSE) -> PTO | G62: 1 | H62: =VLOOKUP(D62,A.P.U!A:M,13,FALSE) -> 157152 | I62: =ROUND((G62*H62),0) -> 157152
C63: subtotal | I63: =SUM(I40:I62) -> 11424143
D64: 024 | E64: =VLOOKUP(D64,A.P.U!A:I,3,FALSE) -> ALCANTARILLADO
C65: 41 | D65: 024.088 | E65: =VLOOKUP(D65,A.P.U!A:I,3,FALSE) -> SUMINISTRO, TRANSPORTE E INSTALACION ARO TAPA HF D=0.68 M. P/CÁMARA DE INSPECCIÓN | F65: =VLOOKUP(D65,A.P.U!A:I,5,FALSE) -> UND | G65: 1 | H65: =VLOOKUP(D65,A.P.U!A:M,13,FALSE) -> 1206718 | I65: =ROUND((G65*H65),0) -> 1206718
C66: 42 | D66: 024.089 | E66: =VLOOKUP(D66,A.P.U!A:I,3,FALSE) -> TRANSPORTE E INSTALACION ARO TAPA HF D=0.68 M. P/CÁMARA DE INSPECCIÓN | F66: =VLOOKUP(D66,A.P.U!A:I,5,FALSE) -> UND | G66: 1 | H66: =VLOOKUP(D66,A.P.U!A:M,13,FALSE) -> 289039 | I66: =ROUND((G66*H66),0) -> 289039
C67: subtotal | I67: =SUM(I65:I66) -> 1495757
D68: 029 | E68: =VLOOKUP(D68,A.P.U!A:I,3,FALSE) -> DEMOLICIONES
C69: 43 | D69: 029.007 | E69: =VLOOKUP(D69,A.P.U!A:I,3,FALSE) -> DEMOLICIÓN DE ANDENES Y SARDINELES EN CONCRETO HIDRÁULICO - INCLUYE CARGUE A MANO, RETIRO Y DISPOSICIÓN EN BOTADERO | F69: =VLOOKUP(D69,A.P.U!A:I,5,FALSE) -> M3 | G69: 1 | H69: =VLOOKUP(D69,A.P.U!A:M,13,FALSE) -> 165150 | I69: =ROUND((G69*H69),0) -> 165150
C70: 44 | D70: 029.001 | E70: =VLOOKUP(D70,A.P.U!A:I,3,FALSE) -> DEMOLICIÓN MECÁNICA DE ESTRUCTURAS DE CONCRETO HIDRÁULICO - INCLUYE CARGUE, TRANSPORTE Y DISPOSICIÓN | F70: =VLOOKUP(D70,A.P.U!A:I,5,FALSE) -> M3 | G70: 1 | H70: =VLOOKUP(D70,A.P.U!A:M,13,FALSE) -> 214791 | I70: =ROUND((G70*H70),0) -> 214791
C71: 45 | D71: 029.013 | E71: =VLOOKUP(D71,A.P.U!A:I,3,FALSE) -> DEMOLICION MECANICA DE PAVIMENTO CONCRETO ASFALTICO. INCLUYE RETIRO Y DISPOSICION EN SITIO AUTORIZADO | F71: =VLOOKUP(D71,A.P.U!A:I,5,FALSE) -> M3 | G71: 1 | H71: =VLOOKUP(D71,A.P.U!A:M,13,FALSE) -> 142997 | I71: =ROUND((G71*H71),0) -> 142997
C72: 46 | D72: 029.014 | E72: =VLOOKUP(D72,A.P.U!A:I,3,FALSE) -> DEMOLICION MECANICA DE PAVIMENTO EN CONCRETO HIDRAULICO. INCLUYE RETIRO Y DISPOSICION EN SITIO AUTORIZADO | F72: =VLOOKUP(D72,A.P.U!A:I,5,FALSE) -> M3 | G72: 1 | H72: =VLOOKUP(D72,A.P.U!A:M,13,FALSE) -> 167439 | I72: =ROUND((G72*H72),0) -> 167439
C73: 47 | D73: 029.016 | E73: =VLOOKUP(D73,A.P.U!A:I,3,FALSE) -> DEMOLICION PLACA DE CONTRAPISO HASTA E=0.20 M (INCLUYE RETIRO) | F73: =VLOOKUP(D73,A.P.U!A:I,5,FALSE) -> M2 | G73: 1 | H73: =VLOOKUP(D73,A.P.U!A:M,13,FALSE) -> 43108 | I73: =ROUND((G73*H73),0) -> 43108
C74: subtotal | I74: =SUM(I69:I73) -> 733485
D75: 030 | E75: =VLOOKUP(D75,A.P.U!A:I,3,FALSE) -> JORNALES
C76: 48 | D76: 030.002 | E76: =VLOOKUP(D76,A.P.U!A:I,3,FALSE) -> JORNAL AYUDANTE | F76: =VLOOKUP(D76,A.P.U!A:I,5,FALSE) -> DIA | G76: 1 | H76: =VLOOKUP(D76,A.P.U!A:M,13,FALSE) -> 139785 | I76: =ROUND((G76*H76),0) -> 139785
C77: 49 | D77: 030.003 | E77: =VLOOKUP(D77,A.P.U!A:I,3,FALSE) -> REGULADOR DE TRANSITO | F77: =VLOOKUP(D77,A.P.U!A:I,5,FALSE) -> DIA | G77: 1 | H77: =VLOOKUP(D77,A.P.U!A:M,13,FALSE) -> 184641 | I77: =ROUND((G77*H77),0) -> 184641
C78: subtotal | I78: =SUM(I76:I77) -> 324426
D79: 032 | E79: =VLOOKUP(D79,A.P.U!A:I,3,FALSE) -> ACTIVIDADES PARA PROYECTOS ESPECIFICOS
C80: 50 | D80: 032.015 | E80: =VLOOKUP(D80,A.P.U!A:I,3,FALSE) -> CORTE MECANIZADO DE ANDEN EN CONCRETO CON DISCO (3,5CM) | F80: =VLOOKUP(D80,A.P.U!A:I,5,FALSE) -> ML | G80: 1 | H80: =VLOOKUP(D80,A.P.U!A:M,13,FALSE) -> 12492 | I80: =ROUND((G80*H80),0) -> 12492
C81: 51 | D81: 032.016 | E81: =VLOOKUP(D81,A.P.U!A:I,3,FALSE) -> SUMINISTRO, TRANSPORTE E INSTALACION ANDEN CONCRETO 3000 PSI E= 0.10M. ACABADO: ESCOBIADO | F81: =VLOOKUP(D81,A.P.U!A:I,5,FALSE) -> M2 | G81: 1 | H81: =VLOOKUP(D81,A.P.U!A:M,13,FALSE) -> 161513 | I81: =ROUND((G81*H81),0) -> 161513
C82: 52 | D82: 032.389 | E82: =VLOOKUP(D82,A.P.U!A:I,3,FALSE) -> FRESADO PAVIMENTO ASFÁLTICO, INCLUYE CARGUE MECÁNICO Y RETIRO HASTA 15KM | F82: =VLOOKUP(D82,A.P.U!A:I,5,FALSE) -> M3-SUELTO | G82: 1 | H82: =VLOOKUP(D82,A.P.U!A:M,13,FALSE) -> 158916 | I82: =ROUND((G82*H82),0) -> 158916
C83: 53 | D83: 032.390 | E83: =VLOOKUP(D83,A.P.U!A:I,3,FALSE) -> RECARGO DE OFICIAL EN DIA DOMNIICAL Y FESTIVO | F83: =VLOOKUP(D83,A.P.U!A:I,5,FALSE) -> HR | G83: 1 | H83: =VLOOKUP(D83,A.P.U!A:M,13,FALSE) -> 30515 | I83: =ROUND((G83*H83),0) -> 30515
C84: 54 | D84: 032.391 | E84: =VLOOKUP(D84,A.P.U!A:I,3,FALSE) -> RECARGO DE AYUDANTE EN DIA DOMNIICAL Y FESTIVO | F84: =VLOOKUP(D84,A.P.U!A:I,5,FALSE) -> HR | G84: 1 | H84: =VLOOKUP(D84,A.P.U!A:M,13,FALSE) -> 19070 | I84: =ROUND((G84*H84),0) -> 19070
C85: 55 | D85: 032.392 | E85: =VLOOKUP(D85,A.P.U!A:I,3,FALSE) -> RECARGO DE OFICIAL EN JORNADA NOCTURNA | F85: =VLOOKUP(D85,A.P.U!A:I,5,FALSE) -> HR | G85: 1 | H85: =VLOOKUP(D85,A.P.U!A:M,13,FALSE) -> 22887 | I85: =ROUND((G85*H85),0) -> 22887
C86: 56 | D86: 032.393 | E86: =VLOOKUP(D86,A.P.U!A:I,3,FALSE) -> RECARGO DE AYUDANTE EN JORNADA NOCTURNA | F86: =VLOOKUP(D86,A.P.U!A:I,5,FALSE) -> HR | G86: 1 | H86: =VLOOKUP(D86,A.P.U!A:M,13,FALSE) -> 14303 | I86: =ROUND((G86*H86),0) -> 14303
C87: subtotal | I87: =SUM(I80:I86) -> 419696
D88: 033 | E88: =VLOOKUP(D88,A.P.U!A:I,3,FALSE) -> ACUEDUCTOS Y ALCANTARILLADOS
C89: 57 | D89: 033.098 | E89: =VLOOKUP(D89,A.P.U!A:I,3,FALSE) -> SUMINISTRO, TRANSPORTE E INSTALACION FILTRO DRENAJE (0.60 X 0.60 M) TUBO DRENAJE CORRUGADO DE 4" CON FILTRO. INCLUYE RELLENO PIEDRA FILTRO, GEOTEXTIL NT 3000 | F89: =VLOOKUP(D89,A.P.U!A:I,5,FALSE) -> ML | G89: 1 | H89: =VLOOKUP(D89,A.P.U!A:M,13,FALSE) -> 194654 | I89: =ROUND((G89*H89),0) -> 194654
C90: 58 | D90: 033.117 | E90: =VLOOKUP(D90,A.P.U!A:I,3,FALSE) -> SUMINISTRO, TRANSPORTE E INSTALACION PAVIMENTO EN CONCRETO PREMEZCLADO MR 42 | F90: =VLOOKUP(D90,A.P.U!A:I,5,FALSE) -> M3 | G90: 1 | H90: =VLOOKUP(D90,A.P.U!A:M,13,FALSE) -> 1421304 | I90: =ROUND((G90*H90),0) -> 1421304
C91: 59 | D91: 033.119 | E91: =VLOOKUP(D91,A.P.U!A:I,3,FALSE) -> SUMINISTRO, TRANSPORTE E INSTALACION PAVIMENTO EN CONCRETO PREMEZCLADO MR 42 ACELERADO 3 DIAS | F91: =VLOOKUP(D91,A.P.U!A:I,5,FALSE) -> M3 | G91: 1 | H91: =VLOOKUP(D91,A.P.U!A:M,13,FALSE) -> 1741014 | I91: =ROUND((G91*H91),0) -> 1741014
C92: 60 | D92: 033.120 | E92: =VLOOKUP(D92,A.P.U!A:I,3,FALSE) -> SUMINISTRO, TRANSPORTE E INSTALACION PAVIMENTO EN CONCRETO PRODUCIDO EN OBRA MR 42 CON ACELERANTE A 7 DIAS | F92: =VLOOKUP(D92,A.P.U!A:I,5,FALSE) -> M3 | G92: 1 | H92: =VLOOKUP(D92,A.P.U!A:M,13,FALSE) -> 1737090 | I92: =ROUND((G92*H92),0) -> 1737090
C93: subtotal | I93: =SUM(I89:I92) -> 5094062
D94: AB | E94: ANALISIS BASICO
C95: 61 | D95: AB1 | E95: =VLOOKUP(D95,A.P.U!A:I,3,FALSE) -> ACERO 60.000 PSI (INCLUYE ALAMBRE NEGRO Y FIGURACIÓN ) | F95: =VLOOKUP(D95,A.P.U!A:I,5,FALSE) -> KG | G95: 1 | H95: =VLOOKUP(D95,A.P.U!A:M,13,FALSE) -> 10532 | I95: =ROUND((G95*H95),0) -> 10532
C96: 62 | D96: AB15 | E96: =VLOOKUP(D96,A.P.U!A:I,3,FALSE) -> CONCRETO MR 42 kg/cm2 | F96: =VLOOKUP(D96,A.P.U!A:I,5,FALSE) -> M3 | G96: 1 | H96: =VLOOKUP(D96,A.P.U!A:M,13,FALSE) -> 834272 | I96: =ROUND((G96*H96),0) -> 834272
C97: subtotal | I97: =SUM(I95:I96) -> 844804
E100: SUBTOTAL OBRAS (costo directo) | I100: =SUM(I13:I97)/2 -> 21812328
E101: VALOR TOTAL | I101: 6500000000
C103: NOTA 1: Se debe tener en cuenta que el PRECIO UNITARIO incluye el valor de A.I.U. | F103: DESCRIPCION | I103: PORCENTAJE
C104: NOTA 2: Cuando la fracción decimal del peso sea igual o superior a 5 se aproximará por exceso al número entero siguiente del peso y cuando la fracción decimal del peso sea inferior a 5 se aproximará por defecto al número entero del peso. | F104: ADMINISTRACION | H104: A= | I104: =ROUND('Analisis AU'!J47,4) -> 0.2496
C105: NOTA 3: El A.I.U y su discriminación deben estar en porcentaje (%). | F105: IMPREVISTO | H105: I= | I105: 0
C106: NOTA 4: Siguiendo las recomendaciones de la Guía de Colombia Compra Eficiente, presentar la oferta | F106: UTILIDAD | H106: U= | I106: 0.06
C107: NOTA 5: Revisar el Formulario 1 de Presupuesto con sus decimales y tenerlos en cuenta para la presentación de la propuesta económica. | F107: TOTAL A.I.U | H107: A.I.U.= | I107: =SUM(I104:I106) -> 0.3096

Sheet FORMULARIO 1 
C3: Código | D3: CCE-EICP-FM-14
C4: FORMULARIO 1
C5: PRESUPUESTO - COSTO DIRECTO
C6: [Las Entidades Estatales deben usar el presente formulario para determinar el Presupuesto Oficial del Proceso de Contratación y solo pueden modificar o ajustar aquello que en este se permite expresamente] [El presente formulario aplica para los procesos de contratación que tengan como forma de pago precios unitarios. Tratándose de otras modalidades de precio, la Entidad debe ajustarlo cuando corresponde a: precio global, llave en mano, administración delegada, reembolso de gastos o cualquier otra forma de precio.]
C8: Adicionalmente, cuando el proceso de contratación es estructurado por precios unitarios, la Entidad debe aplicar las notas 1, 2 y 3 del presente formulario y las casillas de "Descripción", "Porcentaje" de la Administración, Imprevisto, Utilidad y total A.I.U. resaltadas en color amarillo. Tratándose de otras modalidades de precio, la Entidad puede o no configurar los mismos aspectos.
C9: “MANTENIMIENTO, REHABILITACIÓN, MEJORAMIENTO Y OPTIMIZACIÓN DE LA INFRAESTRUCTURA VIAL URBANA, MEDIANTE LA EJECUCIÓN DE ACTIVIDADES ORIENTADAS A LA REPARACIÓN, RECONSTRUCCIÓN, CONSTRUCCIÓN Y/O REPOSICIÓN DE PAVIMENTOS VEHICULARES Y PEATONALES DE LA CIUDAD DE MANIZALES FASE II POR EL SISTEMA DE MONTO AGOTABLE”
C11: No. | D11: ITEM DE PAGO | E11: DESCRIPCION | F11: UND. | G11: CANTIDAD | H11: VALOR UNITARIO | I11: VALOR TOTAL
E100: SUBTOTAL OBRAS (costo directo) | I100: =SUM(I13:I97)/2 -> 0
E101: VALOR TOTAL | I101: 6500000000
C103: NOTA 1: Se debe tener en cuenta que el PRECIO UNITARIO incluye el valor de A.I.U. | F103: DESCRIPCION | I103: PORCENTAJE
C104: NOTA 2: Cuando la fracción decimal del peso sea igual o superior a 5 se aproximará por exceso al número entero siguiente del peso y cuando la fracción decimal del peso sea inferior a 5 se aproximará por defecto al número entero del peso. | F104: ADMINISTRACION | H104: A= | I104: =ROUND('Analisis AU'!J47,4) -> 0.2496
C105: NOTA 3: El A.I.U y su discriminación deben estar en porcentaje (%). | F105: IMPREVISTO | H105: I= | I105: 0
C106: NOTA 4: Siguiendo las recomendaciones de la Guía de Colombia Compra Eficiente, presentar la oferta | F106: UTILIDAD | H106: U= | I106: 0.06
C107: NOTA 5: Revisar el Formulario 1 de Presupuesto con sus decimales y tenerlos en cuenta para la presentación de la propuesta económica. | F107: TOTAL A.I.U | H107: A.I.U.= | I107: =SUM(I104:I106) -> 0.3096

Sheet A.P.U
A1: CODIGO | B1: CODINS | C1: INSUMO | D1: TIPO | E1: UNIDAD | F1: REND | G1: UNITARIO | H1: VR. PARCIAL | I1: VR. TOTAL | J1: Link_Ins | L1: AIU
A2: AB | C2: ANALISIS BÁSICOS | D2: Capitulo | L2: =ROUND('Analisis AU'!J49,4) -> 0.3096
A3: AB1 | B3: - | C3: ACERO 60.000 PSI (INCLUYE ALAMBRE NEGRO Y FIGURACIÓN ) | D3: Analisis Basico | E3: KG | I3: 8042 | M3: =ROUND(I3*(1+$L$2),0) -> 10532
A4: AB1 | B4: I2 | C4: ACERO 60.000 PSI | D4: Insumos | E4: KG | F4: 1.05 | G4: 4423 | H4: 4644 | J4: =HYPERLINK("#"&"Insumos"&"!A"&MATCH($B4,#REF!,0),"Ins "&$B4) -> #REF!
A5: AB1 | B5: I3 | C5: ALAMBRE NEGRO NO. 18 | D5: Insumos | E5: KG | F5: 0.11 | G5: 6176 | H5: 679 | J5: =HYPERLINK("#"&"Insumos"&"!A"&MATCH($B5,#REF!,0),"Ins "&$B5) -> #REF!
A6: AB1 | B6: C1 | C6: CUADRILLA AA TIPO 1 (1 OFICIAL + 1 AYUDANTE) (Albañileria) | D6: Cuadrilla | E6: HR | F6: 0.062 | G6: 37863 | H6: 2348 | J6: =HYPERLINK("#"&"Insumos"&"!A"&MATCH($B6,#REF!,0),"Ins "&$B6) -> #REF!
A7: AB1 | B7: H2 | C7: EQUIPO BASICO (HERRAMIENTA MENOR) | D7: Herramienta | E7: UND | F7: 0.05 | G7: 3623 | H7: 181 | J7: =HYPERLINK("#"&"Insumos"&"!A"&MATCH($B7,#REF!,0),"Ins "&$B7) -> #REF!
A8: AB1 | B8: I1565 | C8: ACARREO INTERNO | D8: Insumos | E8: UND | F8: 0.1 | G8: 1897 | H8: 190 | J8: =HYPERLINK("#"&"Insumos"&"!A"&MATCH($B8,#REF!,0),"Ins "&$B8) -> #REF!
A9: AB2 | B9: - | C9: CONCRETO 1500 psi - 10.5 Mpa | D9: Analisis Basico | E9: M3 | I9: 447186 | M9: =ROUND(I9*(1+$L$2),0) -> 585635
A10: AB2 | B10: I33 | C10: ARENA GRUESA (Inc Transporte hasta 39 km) | D10: Insumos | E10: M3 | F10: 0.5 | G10: 110940 | H10: 55470 | J10: =HYPERLINK("#"&"Insumos"&"!A"&MATCH($B10,#REF!,0),"Ins "&$B10) -> #REF!
A11: AB2 | B11: I34 | C11: TRITURADO DE 3/4" (Inc. Transporte hasta 39 km) | D11: Insumos | E11: M3 | F11: 1 | G11: 142000 | H11: 142000 | J11: =HYPERLINK("#"&"Insumos"&"!A"&MATCH($B11,#REF!,0),"Ins "&$B11) -> #REF!
A12: AB2 | B12: I274 | C12: CEMENTO GRIS | D12: Insumos | E12: KG | F12: 210 | G12: 690 | H12: 144900 | J12: =HYPERLINK("#"&"Insumos"&"!A"&MATCH($B12,#REF!,0),"Ins "&$B12) -> #REF!
A13: AB2 | B13: I49 | C13: AGUA LITRO | D13: Insumos | E13: LT | F13: 122.85 | G13: 34 | H13: 4177 | J13: =HYPERLINK("#"&"Insumos"&"!A"&MATCH($B13,#REF!,0),"Ins "&$B13) -> #REF!
A14: AB2 | B14: E14 | C14: MEZCLADORA A GASOLINA 1 SACO | D14: Equipos | E14: DIA | F14: 0.175 | G14: 80444 | H14: 14078 | J14: =HYPERLINK("#"&"Insumos"&"!A"&MATCH($B14,#REF!,0),"Ins "&$B14) -> #REF!
A15: AB2 | B15: I271 | C15: GASOLINA CORRIENTE | D15: Insumos | E15: GAL | F15: 0.5 | G15: 16500 | H15: 8250 | J15: =HYPERLINK("#"&"Insumos"&"!A"&MATCH($B15,#REF!,0),"Ins "&$B15) -> #REF!
A16: AB2 | B16: I1565 | C16: ACARREO INTERNO | D16: Insumos | E16: UND | F16: 0.44280443 | G16: 1897 | H16: 840 | J16: =HYPERLINK("#"&"Insumos"&"!A"&MATCH($B16,#REF!,0),"Ins "&$B16) -> #REF!
A17: AB2 | B17: C36 | C17: CUADRILLA AA TIPO 6 (1 OFICIAL + 6 AYUDANTE) (Albañileria) | D17: Cuadrilla | E17: HR | F17: 0.7 | G17: 110673 | H17: 77471 | J17: =HYPERLINK("#"&"Insumos"&"!A"&MATCH($B17,#REF!,0),"Ins "&$B17) -> #REF!
A18: AB3 | B18: - | C18: CONCRETO 2000 PSI - 14 MPA | D18: Analisis Basico | E18: M3 | I18: 465478 | M18: =ROUND(I18*(1+$L$2),0) -> 609590
A19: AB3 | B19: I33 | C19: ARENA GRUESA (Inc Transporte hasta 39 km) | D19: Insumos | E19: M3 | F19: 0.56 | G19: 110940 | H19: 62126 | J19: =HYPERLINK("#"&"Insumos"&"!A"&MATCH($B19,#REF!,0),"Ins "&$B19) -> #REF!
A20: AB3 | B20: I34 | C20: TRITURADO DE 3/4" (Inc. Transporte hasta 39 km) | D20: Insumos | E20: M3 | F20: 0.92 | G20: 142000 | H20: 130640 | J20: =HYPERLINK("#"&"Insumos"&"!A"&MATCH($B20,#REF!,0),"Ins "&$B20) -> #REF!
A21: AB3 | B21: I274 | C21: CEMENTO GRIS | D21: Insumos | E21: KG | F21: 230 | G21: 690 | H21: 158700 | J21: =HYPERLINK("#"&"Insumos"&"!A"&MATCH($B21,#REF!,0),"Ins "&$B21) -> #REF!
A22: AB3 | B22: I49 | C22: AGUA LITRO | D22: Insumos | E22: LT | F22: 134.55 | G22: 34 | H22: 4575 | J22: =HYPERLINK("#"&"Insumos"&"!A"&MATCH($B22,#REF!,0),"Ins "&$B22) -> #REF!
A23: AB3 | B23: E14 | C23: MEZCLADORA A GASOLINA 1 SACO | D23: Equipos | E23: DIA | F23: 0.19166667 | G23: 80444 | H23: 15418 | J23: =HYPERLINK("#"&"Insumos"&"!A"&MATCH($B23,#REF!,0),"Ins "&$B23) -> #REF!
A24: AB3 | B24: I271 | C24: GASOLINA CORRIENTE | D24: Insumos | E24: GAL | F24: 0.5 | G24: 16500 | H24: 8250 | J24: =HYPERLINK("#"&"Insumos"&"!A"&MATCH($B24,#REF!,0),"Ins "&$B24) -> #REF!
A25: AB3 | B25: I1565 | C25: ACARREO INTERNO | D25: Insumos | E25: UND | F25: 0.48497628 | G25: 1897 | H25: 920 | J25: =HYPERLINK("#"&"Insumos"&"!A"&MATCH($B25,#REF!,0),"Ins "&$B25) -> #REF!
A26: AB3 | B26: C36 | C26: CUADRILLA AA TIPO 6 (1 OFICIAL + 6 AYUDANTE) (Albañileria) | D26: Cuadrilla | E26: HR | F26: 0.76666667 | G26: 110673 | H26: 84849 | J26: =HYPERLINK("#"&"Insumos"&"!A"&MATCH($B26,#REF!,0),"Ins "&$B26) -> #REF!
A27: AB4 | B27: - | C27: CONCRETO 2500 psi - 17.5 Mpa | D27: Analisis Basico | E27: M3 | I27: 535318 | M27: =ROUND(I27*(1+$L$2),0) -> 701052
A28: AB4 | B28: I33 | C28: ARENA GRUESA (Inc Transporte hasta 39 km) | D28: Insumos | E28: M3 | F28: 0.72 | G28: 110940 | H28: 79877 | J28: =HYPERLINK("#"&"Insumos"&"!A"&MATCH($B28,#REF!,0),"Ins "&$B28) -> #REF!
A29: AB4 | B29: I34 | C29: TRITURADO DE 3/4" (Inc. Transporte hasta 39 km) | D29: Insumos | E29: M3 | F29: 0.72 | G29: 142000 | H29: 102240 | J29: =HYPERLINK("#"&"Insumos"&"!A"&MATCH($B29,#REF!,0),"Ins "&$B29) -> #REF!
A30: AB4 | B30: I274 | C30: CEMENTO GRIS | D30: Insumos | E30: KG | F30: 300 | G30: 690 | H30: 207000 | J30: =HYPERLINK("#"&"Insumos"&"!A"&MATCH($B30,#REF!,0),"Ins "&$B30) -> #REF!
A31: AB4 | B31: I49 | C31: AGUA LITRO | D31: Insumos | E31: LT | F31: 175.5 | G31: 34 | H31: 5967 | J31: =HYPERLINK("#"&"Insumos"&"!A"&MATCH($B31,#REF!,0),"Ins "&$B31) -> #REF!
A32: AB4 | B32: E14 | C32: MEZCLADORA A GASOLINA 1 SACO | D32: Equipos | E32: DIA | F32: 0.25 | G32: 80444 | H32: 20111 | J32: =HYPERLINK("#"&"Insumos"&"!A"&MATCH($B32,#REF!,0),"Ins "&$B32) -> #REF!
A33: AB4 | B33: I271 | C33: GASOLINA CORRIENTE | D33: Insumos | E33: GAL | F33: 0.5 | G33: 16500 | H33: 8250 | J33: =HYPERLINK("#"&"Insumos"&"!A"&MATCH($B33,#REF!,0),"Ins "&$B33) -> #REF!
A34: AB4 | B34: I1565 | C34: ACARREO INTERNO | D34: Insumos | E34: UND | F34: 0.63257775 | G34: 1897 | H34: 1200 | J34: =HYPERLINK("#"&"Insumos"&"!A"&MATCH($B34,#REF!,0),"Ins "&$B34) -> #REF!
A35: AB4 | B35: C36 | C35: CUADRILLA AA TIPO 6 (1 OFICIAL + 6 AYUDANTE) (Albañileria) | D35: Cuadrilla | E35: HR | F35: 1 | G35: 110673 | H35: 110673 | J35: =HYPERLINK("#"&"Insumos"&"!A"&MATCH($B35,#REF!,0),"Ins "&$B35) -> #REF!
A36: AB5 | B36: - | C36: CONCRETO 3000 psi - 21 Mpa | D36: Analisis Basico | E36: M3 | I36: 597780 | M36: =ROUND(I36*(1+$L$2),0) -> 782853
A37: AB5 | B37: I33 | C37: ARENA GRUESA (Inc Transporte hasta 39 km) | D37: Insumos | E37: M3 | F37: 0.56 | G37: 110940 | H37: 62126 | J37: =HYPERLINK("#"&"Insumos"&"!A"&MATCH($B37,#REF!,0),"Ins "&$B37) -> #REF!
A38: AB5 | B38: I34 | C38: TRITURADO DE 3/4" (Inc. Transporte hasta 39 km) | D38: Insumos | E38: M3 | F38: 0.88 | G38: 142000 | H38: 124960 | J38: =HYPERLINK("#"&"Insumos"&"!A"&MATCH($B38,#REF!,0),"Ins "&$B38) -> #REF!
A39: AB5 | B39: I274 | C39: CEMENTO GRIS | D39: Insumos | E39: KG | F39: 350 | G39: 690 | H39: 241500 | J39: =HYPERLINK("#"&"Insumos"&"!A"&MATCH($B39,#REF!,0),"Ins "&$B39) -> #REF!
A40: AB5 | B40: I49 | C40: AGUA LITRO | D40: Insumos | E40: LT | F40: 204.75 | G40: 34 | H40: 6962 | J40: =HYPERLINK("#"&"Insumos"&"!A"&MATCH($B40,#REF!,0),"Ins "&$B40) -> #REF!
A41: AB5 | B41: E14 | C41: MEZCLADORA A GASOLINA 1 SACO | D41: Equipos | E41: DIA | F41: 0.29166667 | G41: 80444 | H41: 23463 | J41: =HYPERLINK("#"&"Insumos"&"!A"&MATCH($B41,#REF!,0),"Ins "&$B41) -> #REF!
A42: AB5 | B42: I271 | C42: GASOLINA CORRIENTE | D42: Insumos | E42: GAL | F42: 0.5 | G42: 16500 | H42: 8250 | J42: =HYPERLINK("#"&"Insumos"&"!A"&MATCH($B42,#REF!,0),"Ins "&$B42) -> #REF!
A43: AB5 | B43: I1565 | C43: ACARREO INTERNO | D43: Insumos | E43: UND | F43: 0.73800738 | G43: 1897 | H43: 1400 | J43: =HYPERLINK("#"&"Insumos"&"!A"&MATCH($B43,#REF!,0),"Ins "&$B43) -> #REF!
A44: AB5 | B44: C36 | C44: CUADRILLA AA TIPO 6 (1 OFICIAL + 6 AYUDANTE) (Albañileria) | D44: Cuadrilla | E44: HR | F44: 1.1666667 | G44: 110673 | H44: 129119 | J44: =HYPERLINK("#"&"Insumos"&"!A"&MATCH($B44,#REF!,0),"Ins "&$B44) -> #REF!
A45: AB6 | B45: - | C45: CONCRETO 3500 psi - 24.5 Mpa | D45: Analisis Basico | E45: M3 | I45: 660651 | M45: =ROUND(I45*(1+$L$2),0) -> 865189
A46: AB6 | B46: I33 | C46: ARENA GRUESA (Inc Transporte hasta 39 km) | D46: Insumos | E46: M3 | F46: 0.67 | G46: 110940 | H46: 74330 | J46: =HYPERLINK("#"&"Insumos"&"!A"&MATCH($B46,#REF!,0),"Ins "&$B46) -> #REF!
A47: AB6 | B47: I34 | C47: TRITURADO DE 3/4" (Inc. Transporte hasta 39 km) | D47: Insumos | E47: M3 | F47: 0.67 | G47: 142000 | H47: 95140 | J47: =HYPERLINK("#"&"Insumos"&"!A"&MATCH($B47,#REF!,0),"Ins "&$B47) -> #REF!
A48: AB6 | B48: I274 | C48: CEMENTO GRIS | D48: Insumos | E48: KG | F48: 420 | G48: 690 | H48: 289800 | J48: =HYPERLINK("#"&"Insumos"&"!A"&MATCH($B48,#REF!,0),"Ins "&$B48) -> #REF!
A49: AB6 | B49: I49 | C49: AGUA LITRO | D49: Insumos | E49: LT | F49: 245.7 | G49: 34 | H49: 8354 | J49: =HYPERLINK("#"&"Insumos"&"!A"&MATCH($B49,#REF!,0),"Ins "&$B49) -> #REF!
A50: AB6 | B50: E14 | C50: MEZCLADORA A GASOLINA 1 SACO | D50: Equipos | E50: DIA | F50: 0.35 | G50: 80444 | H50: 28155 | J50: =HYPERLINK("#"&"Insumos"&"!A"&MATCH($B50,#REF!,0),"Ins "&$B50) -> #REF!
A51: AB6 | B51: I271 | C51: GASOLINA CORRIENTE | D51: Insumos | E51: GAL | F51: 0.5 | G51: 16500 | H51: 8250 | J51: =HYPERLINK("#"&"Insumos"&"!A"&MATCH($B51,#REF!,0),"Ins "&$B51) -> #REF!
A52: AB6 | B52: I1565 | C52: ACARREO INTERNO | D52: Insumos | E52: UND | F52: 0.88560886 | G52: 1897 | H52: 1680 | J52: =HYPERLINK("#"&"Insumos"&"!A"&MATCH($B52,#REF!,0),"Ins "&$B52) -> #REF!
A53: AB6 | B53: C36 | C53: CUADRILLA AA TIPO 6 (1 OFICIAL + 6 AYUDANTE) (Albañileria) | D53: Cuadrilla | E53: HR | F53: 1.4 | G53: 110673 | H53: 154942 | J53: =HYPERLINK("#"&"Insumos"&"!A"&MATCH($B53,#REF!,0),"Ins "&$B53) -> #REF!
A54: AB7 | B54: - | C54: CONCRETO 4000 psi - 28 Mpa | D54: Analisis Basico | E54: M3 | I54: 682944 | M54: =ROUND(I54*(1+$L$2),0) -> 894383
A55: AB7 | B55: I33 | C55: ARENA GRUESA (Inc Transporte hasta 39 km) | D55: Insumos | E55: M3 | F55: 0.56 | G55: 110940 | H55: 62126 | J55: =HYPERLINK("#"&"Insumos"&"!A"&MATCH($B55,#REF!,0),"Ins "&$B55) -> #REF!
A56: AB7 | B56: I34 | C56: TRITURADO DE 3/4" (Inc. Transporte hasta 39 km) | D56: Insumos | E56: M3 | F56: 0.67 | G56: 142000 | H56: 95140 | J56: =HYPERLINK("#"&"Insumos"&"!A"&MATCH($B56,#REF!,0),"Ins "&$B56) -> #REF!
A57: AB7 | B57: I274 | C57: CEMENTO GRIS | D57: Insumos | E57: KG | F57: 450 | G57: 690 | H57: 310500 | J57: =HYPERLINK("#"&"Insumos"&"!A"&MATCH($B57,#REF!,0),"Ins "&$B57) -> #REF!
A58: AB7 | B58: I49 | C58: AGUA LITRO | D58: Insumos | E58: LT | F58: 263.25 | G58: 34 | H58: 8951 | J58: =HYPERLINK("#"&"Insumos"&"!A"&MATCH($B58,#REF!,0),"Ins "&$B58) -> #REF!
A59: AB7 | B59: E14 | C59: MEZCLADORA A GASOLINA 1 SACO | D59: Equipos | E59: DIA | F59: 0.375 | G59: 80444 | H59: 30167 | J59: =HYPERLINK("#"&"Insumos"&"!A"&MATCH($B59,#REF!,0),"Ins "&$B59) -> #REF!
A60: AB7 | B60: I271 | C60: GASOLINA CORRIENTE | D60: Insumos | E60: GAL | F60: 0.5 | G60: 16500 | H60: 8250 | J60: =HYPERLINK("#"&"Insumos"&"!A"&MATCH($B60,#REF!,0),"Ins "&$B60) -> #REF!
A61: AB7 | B61: I1565 | C61: ACARREO INTERNO | D61: Insumos | E61: UND | F61: 0.94886663 | G61: 1897 | H61: 1800 | J61: =HYPERLINK("#"&"Insumos"&"!A"&MATCH($B61,#REF!,0),"Ins "&$B61) -> #REF!
A62: AB7 | B62: C36 | C62: CUADRILLA AA TIPO 6 (1 OFICIAL + 6 AYUDANTE) (Albañileria) | D62: Cuadrilla | E62: HR | F62: 1.5 | G62: 110673 | H62: 166010 | J62: =HYPERLINK("#"&"Insumos"&"!A"&MATCH($B62,#REF!,0),"Ins "&$B62) -> #REF!
A63: AB8 | B63: - | C63: CONCRETO 1500 psi - 10.5 Mpa Impermeabilizado | D63: Analisis Basico | E63: M3 | I63: 463635 | M63: =ROUND(I63*(1+$L$2),0) -> 607176
A64: AB8 | B64: I33 | C64: ARENA GRUESA (Inc Transporte hasta 39 km) | D64: Insumos | E64: M3 | F64: 0.5 | G64: 110940 | H64: 55470 | J64: =HYPERLINK("#"&"Insumos"&"!A"&MATCH($B64,#REF!,0),"Ins "&$B64) -> #REF!
A65: AB8 | B65: I34 | C65: TRITURADO DE 3/4" (Inc. Transporte hasta 39 km) | D65: Insumos | E65: M3 | F65: 1 | G65: 142000 | H65: 142000 | J65: =HYPERLINK("#"&"Insumos"&"!A"&MATCH($B65,#REF!,0),"Ins "&$B65) -> #REF!
A66: AB8 | B66: I274 | C66: CEMENTO GRIS | D66: Insumos | E66: KG | F66: 210 | G66: 690 | H66: 144900 | J66: =HYPERLINK("#"&"Insumos"&"!A"&MATCH($B66,#REF!,0),"Ins "&$B66) -> #REF!
A67: AB8 | B67: I49 | C67: AGUA LITRO | D67: Insumos | E67: LT | F67: 122.85 | G67: 34 | H67: 4177 | J67: =HYPERLINK("#"&"Insumos"&"!A"&MATCH($B67,#REF!,0),"Ins "&$B67) -> #REF!
A68: AB8 | B68: E14 | C68: MEZCLADORA A GASOLINA 1 SACO | D68: Equipos | E68: DIA | F68: 0.175 | G68: 80444 | H68: 14078 | J68: =HYPERLINK("#"&"Insumos"&"!A"&MATCH($B68,#REF!,0),"Ins "&$B68) -> #REF!
A69: AB8 | B69: I271 | C69: GASOLINA CORRIENTE | D69: Insumos | E69: GAL | F69: 0.5 | G69: 16500 | H69: 8250 | J69: =HYPERLINK("#"&"Insumos"&"!A"&MATCH($B69,#REF!,0),"Ins "&$B69) -> #REF!
A70: AB8 | B70: I1565 | C70: ACARREO INTERNO | D70: Insumos | E70: UND | F70: 0.44280443 | G70: 1897 | H70: 840 | J70: =HYPERLINK("#"&"Insumos"&"!A"&MATCH($B70,#REF!,0),"Ins "&$B70) -> #REF!
A71: AB8 | B71: C36 | C71: CUADRILLA AA TIPO 6 (1 OFICIAL + 6 AYUDANTE) (Albañileria) | D71: Cuadrilla | E71: HR | F71: 0.7 | G71: 110673 | H71: 77471 | J71: =HYPERLINK("#"&"Insumos"&"!A"&MATCH($B71,#REF!,0),"Ins "&$B71) -> #REF!
A72: AB8 | B72: I422 | C72: PLASTOCRETE DM DE SIKA IMPERMEABILIZANTE PARA CONCRETOS O SIMILAR. | D72: Insumos | E72: KG | F72: 1.05 | G72: 15666 | H72: 16449 | J72: =HYPERLINK("#"&"Insumos"&"!A"&MATCH($B72,#REF!,0),"Ins "&$B72) -> #REF!
A73: AB9 | B73: - | C73: CONCRETO 2000 psi - 14 Mpa Impermeabilizado | D73: Analisis Basico | E73: M3 | I73: 483494 | M73: =ROUND(I73*(1+$L$2),0) -> 633184
A74: AB9 | B74: I33 | C74: ARENA GRUESA (Inc Transporte hasta 39 km) | D74: Insumos | E74: M3 | F74: 0.56 | G74: 110940 | H74: 62126 | J74: =HYPERLINK("#"&"Insumos"&"!A"&MATCH($B74,#REF!,0),"Ins "&$B74) -> #REF!
A75: AB9 | B75: I34 | C75: TRITURADO DE 3/4" (Inc. Transporte hasta 39 km) | D75: Insumos | E75: M3 | F75: 0.92 | G75: 142000 | H75: 130640 | J75: =HYPERLINK("#"&"Insumos"&"!A"&MATCH($B75,#REF!,0),"Ins "&$B75) -> #REF!
A76: AB9 | B76: I274 | C76: CEMENTO GRIS | D76: Insumos | E76: KG | F76: 230 | G76: 690 | H76: 158700 | J76: =HYPERLINK("#"&"Insumos"&"!A"&MATCH($B76,#REF!,0),"Ins "&$B76) -> #REF!
A77: AB9 | B77: I49 | C77: AGUA LITRO | D77: Insumos | E77: LT | F77: 134.55 | G77: 34 | H77: 4575 | J77: =HYPERLINK("#"&"Insumos"&"!A"&MATCH($B77,#REF!,0),"Ins "&$B77) -> #REF!
A78: AB9 | B78: E14 | C78: MEZCLADORA A GASOLINA 1 SACO | D78: Equipos | E78: DIA | F78: 0.19166667 | G78: 80444 | H78: 15418 | J78: =HYPERLINK("#"&"Insumos"&"!A"&MATCH($B78,#REF!,0),"Ins "&$B78) -> #REF!
A79: AB9 | B79: I271 | C79: GASOLINA CORRIENTE | D79: Insumos | E79: GAL | F79: 0.5 | G79: 16500 | H79: 8250 | J79: =HYPERLINK("#"&"Insumos"&"!A"&MATCH($B79,#REF!,0),"Ins "&$B79) -> #REF!
A80: AB9 | B80: I1565 | C80: ACARREO INTERNO | D80: Insumos | E80: UND | F80: 0.48497628 | G80: 1897 | H80: 920 | J80: =HYPERLINK("#"&"Insumos"&"!A"&MATCH($B80,#REF!,0),"Ins "&$B80) -> #REF!
A81: AB9 | B81: C36 | C81: CUADRILLA AA TIPO 6 (1 OFICIAL + 6 AYUDANTE) (Albañileria) | D81: Cuadrilla | E81: HR | F81: 0.76666667 | G81: 110673 | H81: 84849 | J81: =HYPERLINK("#"&"Insumos"&"!A"&MATCH($B81,#REF!,0),"Ins "&$B81) -> #REF!
A82: AB9 | B82: I422 | C82: PLASTOCRETE DM DE SIKA IMPERMEABILIZANTE PARA CONCRETOS O SIMILAR. | D82: Insumos | E82: KG | F82: 1.15 | G82: 15666 | H82: 18016 | J82: =HYPERLINK("#"&"Insumos"&"!A"&MATCH($B82,#REF!,0),"Ins "&$B82) -> #REF!
A83: AB10 | B83: - | C83: CONCRETO 2500 psi - 17.5 Mpa Impermeabilizado | D83: Analisis Basico | E83: M3 | I83: 558817 | M83: =ROUND(I83*(1+$L$2),0) -> 731827
A84: AB10 | B84: I33 | C84: ARENA GRUESA (Inc Transporte hasta 39 km) | D84: Insumos | E84: M3 | F84: 0.72 | G84: 110940 | H84: 79877 | J84: =HYPERLINK("#"&"Insumos"&"!A"&MATCH($B84,#REF!,0),"Ins "&$B84) -> #REF!
A85: AB10 | B85: I34 | C85: TRITURADO DE 3/4" (Inc. Transporte hasta 39 km) | D85: Insumos | E85: M3 | F85: 0.72 | G85: 142000 | H85: 102240 | J85: =HYPERLINK("#"&"Insumos"&"!A"&MATCH($B85,#REF!,0),"Ins "&$B85) -> #REF!
A86: AB10 | B86: I274 | C86: CEMENTO GRIS | D86: Insumos | E86: KG | F86: 300 | G86: 690 | H86: 207000 | J86: =HYPERLINK("#"&"Insumos"&"!A"&MATCH($B86,#REF!,0),"Ins "&$B86) -> #REF!
A87: AB10 | B87: I49 | C87: AGUA LITRO | D87: Insumos | E87: LT | F87: 175.5 | G87: 34 | H87: 5967 | J87: =HYPERLINK("#"&"Insumos"&"!A"&MATCH($B87,#REF!,0),"Ins "&$B87) -> #REF!
A88: AB10 | B88: E14 | C88: MEZCLADORA A GASOLINA 1 SACO | D88: Equipos | E88: DIA | F88: 0.25 | G88: 80444 | H88: 20111 | J88: =HYPERLINK("#"&"Insumos"&"!A"&MATCH($B88,#REF!,0),"Ins "&$B88) -> #REF!
A89: AB10 | B89: I271 | C89: GASOLINA CORRIENTE | D89: Insumos | E89: GAL | F89: 0.5 | G89: 16500 | H89: 8250 | J89: =HYPERLINK("#"&"Insumos"&"!A"&MATCH($B89,#REF!,0),"Ins "&$B89) -> #REF!
A90: AB10 | B90: I1565 | C90: ACARREO INTERNO | D90: Insumos | E90: UND | F90: 0.63257775 | G90: 1897 | H90: 1200 | J90: =HYPERLINK("#"&"Insumos"&"!A"&MATCH($B90,#REF!,0),"Ins "&$B90) -> #REF!
A91: AB10 | B91: C36 | C91: CUADRILLA AA TIPO 6 (1 OFICIAL + 6 AYUDANTE) (Albañileria) | D91: Cuadrilla | E91: HR | F91: 1 | G91: 110673 | H91: 110673 | J91: =HYPERLINK("#"&"Insumos"&"!A"&MATCH($B91,#REF!,0),"Ins "&$B91) -> #REF!
A92: AB10 | B92: I422 | C92: PLASTOCRETE DM DE SIKA IMPERMEABILIZANTE PARA CONCRETOS O SIMILAR. | D92: Insumos | E92: KG | F92: 1.5 | G92: 15666 | H92: 23499 | J92: =HYPERLINK("#"&"Insumos"&"!A"&MATCH($B92,#REF!,0),"Ins "&$B92) -> #REF!
A93: AB11 | B93: - | C93: CONCRETO 3000 psi - 21 Mpa Impermeabilizado | D93: Analisis Basico | E93: M3 | I93: 625196 | M93: =ROUND(I93*(1+$L$2),0) -> 818757
A94: AB11 | B94: I33 | C94: ARENA GRUESA (Inc Transporte hasta 39 km) | D94: Insumos | E94: M3 | F94: 0.56 | G94: 110940 | H94: 62126 | J94: =HYPERLINK("#"&"Insumos"&"!A"&MATCH($B94,#REF!,0),"Ins "&$B94) -> #REF!
A95: AB11 | B95: I34 | C95: TRITURADO DE 3/4" (Inc. Transporte hasta 39 km) | D95: Insumos | E95: M3 | F95: 0.88 | G95: 142000 | H95: 124960 | J95: =HYPERLINK("#"&"Insumos"&"!A"&MATCH($B95,#REF!,0),"Ins "&$B95) -> #REF!
A96: AB11 | B96: I274 | C96: CEMENTO GRIS | D96: Insumos | E96: KG | F96: 350 | G96: 690 | H96: 241500 | J96: =HYPERLINK("#"&"Insumos"&"!A"&MATCH($B96,#REF!,0),"Ins "&$B96) -> #REF!
A97: AB11 | B97: I49 | C97: AGUA LITRO | D97: Insumos | E97: LT | F97: 204.75 | G97: 34 | H97: 6962 | J97: =HYPERLINK("#"&"Insumos"&"!A"&MATCH($B97,#REF!,0),"Ins "&$B97) -> #REF!
A98: AB11 | B98: E14 | C98: MEZCLADORA A GASOLINA 1 SACO | D98: Equipos | E98: DIA | F98: 0.29166667 | G98: 80444 | H98: 23463 | J98: =HYPERLINK("#"&"Insumos"&"!A"&MATCH($B98,#REF!,0),"Ins "&$B98) -> #REF!
A99: AB11 | B99: I271 | C99: GASOLINA CORRIENTE | D99: Insumos | E99: GAL | F99: 0.5 | G99: 16500 | H99: 8250 | J99: =HYPERLINK("#"&"Insumos"&"!A"&MATCH($B99,#REF!,0),"Ins "&$B99) -> #REF!
A100: AB11 | B100: I1565 | C100: ACARREO INTERNO | D100: Insumos | E100: UND | F100: 0.73800738 | G100: 1897 | H100: 1400 | J100: =HYPERLINK("#"&"Insumos"&"!A"&MATCH($B100,#REF!,0),"Ins "&$B100) -> #REF!
...

Sheet Analisis AU
A1: ANALISIS DEL AIU
A3: Valor estimado de la Obra (Costo Directo). | D3: Valor | E3: 4963167818
A4: Plazo estimado de ejecución. | D4: Meses | E4: 5
A6: CAPITULO | B6: TIPO DE GASTO | C6: UN | D6: CANTIDAD. | E6: DEDICACION | F6: VLOR UNITARIO (mes) | G6: FACTOR PRESTACIONAL O FACTOR AIU (PARA INDIRECTOS) | H6: VALOR TOTAL | I6: SUMA | J6: PORCENTAJE
A7: 1 | B7: GASTOS GENERALES. | J7: =+J8 -> 0.050302933
A8: 1.1 | B8: MANO DE OBRA Y GASTOS DE OFICINA | I8: =SUM(H9:H23) -> 2.496619e+08 | J8: =+I8/$E$3 -> 0.050302933
B9: Ingeniero Director | C9: Un | D9: 1 | E9: 0.5 | F9: 6700000 | G9: 0.6556 | H9: =+D9*E9*$E$4*F9*(1+G9) -> 27731300 | J9: =+H9/$E$3 -> 0.0055874194
B10: Ingeniero Residente | C10: Un | D10: 2 | E10: 1 | F10: 4500000 | G10: 0.6556 | H10: =+D10*E10*$E$4*F10*(1+G10) -> 74502000 | J10: =+H10/$E$3 -> 0.015010977
B11: Maestro de Obra | C11: Un | D11: 2 | E11: 1 | F11: 3600000 | G11: 0.6556 | H11: =+D11*E11*$E$4*F11*(1+G11) -> 59601600 | J11: =+H11/$E$3 -> 0.012008782
B12: Residente de Salud Ocupacional | C12: Un | D12: 1 | E12: 1 | F12: 3600000 | G12: 0.6556 | H12: =+D12*E12*$E$4*F12*(1+G12) -> 29800800 | J12: =+H12/$E$3 -> 0.006004391
B13: Profesional ambiental | C13: Un | D13: 1 | E13: 0.5 | F13: 3600000 | G13: 0.6556 | H13: =+D13*E13*$E$4*F13*(1+G13) -> 14900400 | J13: =+H13/$E$3 -> 0.0030021955
B14: Trabajador social | C14: Un | D14: 1 | E14: 1 | F14: 3600000 | G14: 0.6556 | H14: =+D14*E14*$E$4*F14*(1+G14) -> 29800800 | J14: =+H14/$E$3 -> 0.006004391
B15: Almacenista | C15: Un | D15: 0 | E15: 1 | F15: 1750905 | G15: 0.829 | H15: =+D15*E15*$E$4*F15*(1+G15) -> 0 | J15: =+H15/$E$3 -> 0
B16: Secretaria | C16: Un | D16: 0 | E16: 0.2 | F16: 1750905 | G16: 0.829 | H16: =+D16*E16*$E$4*F16*(1+G16) -> 0 | J16: =+H16/$E$3 -> 0
B17: Contador | C17: Un | D17: 0 | E17: 0.15 | F17: 3600000 | H17: =+D17*E17*$E$4*F17*(1+G17) -> 0 | J17: =+H17/$E$3 -> 0
B18: Oficina y/o campamento (Incluye Equipo de Oficina, Escritorio, pc, impresora, sillas, papeleria, consumo servicios publicos etc) | C18: Mes | D18: =+$E$4 -> 5 | E18: 1 | F18: 800000 | H18: =+D18*E18*F18*(1+G18) -> 4000000 | J18: =+H18/$E$3 -> 0.00080593688
B19: Plan de Salud ocupacional y seguridad industrial | C19: Mes | D19: =+$E$4 -> 5 | E19: 1 | F19: 500000 | H19: =+D19*E19*F19*(1+G19) -> 2500000 | J19: =+H19/$E$3 -> 0.00050371055
B20: Sistema de gestion ambiental | C20: Mes | D20: =+$E$4 -> 5 | E20: 1 | F20: 300000 | H20: =+D20*E20*F20*(1+G20) -> 1500000 | J20: =+H20/$E$3 -> 0.00030222633
B21: Sistema de gestion de calidad incluye ensayos de laboratorio solicitados por norma | C21: Mes | D21: =+$E$4 -> 5 | E21: 1 | F21: 1000000 | H21: =+D21*E21*F21*(1+G21) -> 5000000 | J21: =+H21/$E$3 -> 0.0010074211
B22: Costos financiero | C22: Mes | D22: =+$E$4 -> 5 | E22: 1 | F22: 65000 | H22: =+D22*E22*F22*(1+G22) -> 325000 | J22: =+H22/$E$3 -> 6.5482372e-05
J23: =+H23/$E$3 -> 0
A24: 2 | B24: GASTOS INDIRECTOS. | J24: =+J25+J27+J38+J34 -> 0.1993445
A25: 2.1 | B25: LEGALIZACION. | I25: =SUM(H26:H26) -> 0 | J25: =+I25/$E$3 -> 0
B26: AIU ITERACION | G26: 1.3096 | H26: =+F26*D26*G26 -> 0
A27: 2.2 | B27: POLIZAS | I27: =SUM(H28:H32) -> 60063808 | J27: =+I27/$E$3 -> 0.01210191
B28: Anticipo | C28: % | D28: 0.0006 | E28: 0.2 | F28: =+$E$3*E28 -> 9.9263356e+08 | G28: =+$G$26 -> 1.3096 | H28: =+(((F28*G28*D28)/365)*($E$4*30+120))*1.19 -> 686588.83 | J28: =+H28/$E$3 -> 0.00013833682
B29: Cumplimiento | C29: % | D29: 0.0006 | F29: =+$E$3 -> 4963167818 | G29: =+$G$26 -> 1.3096 | H29: =+(((F29*G29*D29)/365)*($E$4*30+120))*1.19 -> 3432944.1 | J29: =+H29/$E$3 -> 0.00069168408
B30: Estabilidad | C30: % | D30: 0.0009 | F30: =+$E$3 -> 4963167818 | G30: =+$G$26 -> 1.3096 | H30: =+(((F30*G30*D30)/365)*(1825))*1.19 -> 34806239 | J30: =+H30/$E$3 -> 0.007012908
B31: Prestaciones Sociales | C31: % | D31: 0.0005 | F31: =+$E$3 -> 4963167818 | G31: =+$G$26 -> 1.3096 | H31: =+(((F31*G31*D31)/365)*($E$4*30+1095))*1.19 -> 13191406 | J31: =+H31/$E$3 -> 0.0026578601
B32: Responsabilidad Civil | C32: % | D32: 0.0025 | F32: =+$E$3 -> 4963167818 | G32: =+$G$26 -> 1.3096 | H32: =+(((F32*G32*D32)/365)*($E$4*30+0))*1.19 -> 7946630 | J32: =+H32/$E$3 -> 0.0016011205
A34: 2.3 | B34: VALLAS Y SEÑALIZACION | I34: =SUM(H35:H37) -> 1800000 | J34: =+I34/$E$3 -> 0.0003626716
B35: Vallas incluye estructura de fijacion | C35: M2 | D35: 6 | E35: 300000 | F35: =E35*D35 -> 1800000 | H35: =+F35 -> 1800000 | J35: =+H35/$E$3 -> 0.0003626716
H36: =+F36*D36 -> 0 | J36: =+H36/$E$3 -> 0
A38: 2.4 | B38: IMPUESTOS Y CONTRIBUCIONES | I38: =SUM(H39:H46) -> 9.275164e+08 | J38: =+I38/$E$3 -> 0.18687992
B39: Contribuación Especial | C39: % | D39: 0.05 | F39: =+$E$3 -> 4963167818 | G39: =+$G$26 -> 1.3096 | H39: =+F39*D39*G39 -> 3.2498823e+08 | J39: =+H39/$E$3 -> 0.06548
B40: Estampillas para el bienestar del adulto mayor | C40: % | D40: 0.02 | F40: =+$E$3 -> 4963167818 | G40: =+$G$26 -> 1.3096 | H40: =+F40*D40*G40 -> 1.2999529e+08 | J40: =+H40/$E$3 -> 0.026192
B41: Estampillas Pro - Universidades. | C41: % | D41: 0.02 | F41: =+$E$3 -> 4963167818 | G41: =+$G$26 -> 1.3096 | H41: =+F41*D41*G41 -> 1.2999529e+08 | J41: =+H41/$E$3 -> 0.026192
B42: Estampilla pro cultura | C42: % | D42: 0.02 | F42: =+$E$3 -> 4963167818 | G42: =+$G$26 -> 1.3096 | H42: =+F42*D42*G42 -> 1.2999529e+08 | J42: =+H42/$E$3 -> 0.026192
B43: Estampilla pro justicia familiar | C43: % | D43: 0.02 | F43: =+$E$3 -> 4963167818 | G43: =+$G$26 -> 1.3096 | H43: =+F43*D43*G43 -> 1.2999529e+08 | J43: =+H43/$E$3 -> 0.026192
B44: Gasto bancarios4x1000 y retiros | C44: % | D44: 0.004 | F44: =+$E$3 -> 4963167818 | G44: =+$G$26 -> 1.3096 | H44: =+F44*D44*G44 -> 25999058 | J44: =+H44/$E$3 -> 0.0052384
B45: Industria y Comercio 3,7 x 1.000 sobre valor total | C45: % | D45: 0.0037 | F45: =+$E$3 -> 4963167818 | G45: =+$G$26 -> 1.3096 | H45: =+F45*D45*G45 -> 24049129 | J45: =+H45/$E$3 -> 0.00484552
B46: Tasa pro deporte y recreación | C46: % | D46: 0.005 | F46: =+$E$3 -> 4963167818 | G46: =+$G$26 -> 1.3096 | H46: =+F46*D46*G46 -> 32498823 | J46: =+H46/$E$3 -> 0.006548
B47: TOTAL GASTOS INDIRECTOS DE ADMINISTRACION. | I47: =SUM(I8:I46) -> 1.2390421e+09 | J47: =SUM(J7:J46)/3 -> 0.24964743
B48: UTILIDAD: | J48: 0.06
B49: A.U. | J49: =SUM(J47:J48) -> 0.30964743
I51: NO MOVER | J51: =1+J49 -> 1.3096474

Sheet Analisis Herramienta Menor
B1: ESTIMATIVO GENERAL DE HERRAMIENTAS MENORES DE UN PROYECTO
B3: Descripción | C3: Unidad | D3: IVA | E3: Valor unitario Antes de IVA | F3: Valor Total
B4: PALA CON CABO | C4: und | D4: 0.19 | E4: 17442.308 | F4: =ROUNDUP($E4*(1+$D4),0) -> 20757
B5: PICA CON CABO | C5: und | D5: 0.19 | E5: 26635.446 | F5: =ROUNDUP($E5*(1+$D5),0) -> 31697
B6: PALÍN CON CABO | C6: und | D6: 0.19 | E6: 18316.532 | F6: =ROUNDUP($E6*(1+$D6),0) -> 21797
B7: ALMADANA CON CABO | C7: und | D7: 0.19 | E7: 59422.899 | F7: =ROUNDUP($E7*(1+$D7),0) -> 70714
B8: BARRA METÁLICA | C8: und | D8: 0.19 | E8: 67114.123 | F8: =ROUNDUP($E8*(1+$D8),0) -> 79866
B9: BALDE PLÁSTICO | C9: und | D9: 0.19 | E9: 3005.4489 | F9: =ROUNDUP($E9*(1+$D9),0) -> 3577
B10: CARRETA BUGGY | C10: und | D10: 0.19 | E10: 137793.26 | F10: =ROUNDUP($E10*(1+$D10),0) -> 163974
B11: MANILA DE 1/2" | C11: ml | D11: 0.19 | E11: 1537.5961 | F11: =ROUNDUP($E11*(1+$D11),0) -> 1830
B12: PLÁSTICO PARA COBERTORES | C12: m2 | D12: 0.19 | E12: 2470.2098 | F12: =ROUNDUP($E12*(1+$D12),0) -> 2940
B13: SEGUETA | C13: und | D13: 0.19 | E13: 3634.7604 | F13: =ROUNDUP($E13*(1+$D13),0) -> 4326
B14: ESCOBA | C14: und | D14: 0.19 | E14: 4541.4231 | F14: =ROUNDUP($E14*(1+$D14),0) -> 5405
B15: PALUSTRE | C15: und | D15: 0.19 | E15: 11184.876 | F15: =ROUNDUP($E15*(1+$D15),0) -> 13311
... B17: FLEXOMETRO | C17: und | D17: 0.19 | E17: 13981.095 | F17: =ROUNDUP($E17*(1+$D17),0) -> 16638
B18: COSTO TOTAL | F18: =SUM(F4:F17) -> 450143
B19: NO. ESTIMADO DE USOS | D19: 10
B20: COSTO TOTAL POR USO | F20: =+F18/D19 -> 45014.3
B21: NO. DE HERRAMIENTAS | D21: =+COUNT(D4:D17) -> 14
B22: COSTO UNITARIO HERRAMIENTA MENOR | F22: =+ROUND(F20/D21,0) -> 3215
E23: IVA | F23: 0
B24: EQUIPO BASICO ( CONSTRUCCIÓN ) | D24: Incluye IVA | F24: =+(F22*F23)+F22 -> 3215
B25: EQUIPO BASICO ( HERRAMIENTA MENOR ) | D25: Incluye IVA | F25: =+F24 -> 3215
